 Dungeon Crawl Stone Soup version 0.27-a0-1189-gb8eb6cee8e (webtiles) character file.

Game seed: 2291394144386898991

9198 Gargoyl the Fighter (level 11, 0/82 (89) HPs)
             Began as a Gnoll Abyssal Knight on May 23, 2021.
             Was an Elder of Lugonu.
             Slain by Harold
             ... wielding a +0 scimitar
              (16 damage)
             ... on level 9 of the Dungeon.
             The game lasted 00:13:03 (12821 turns).

Gargoyl the Fighter (Gnoll Abyssal Knight)         Turns: 12821, Time: 00:13:04

HP:   0/82 (89)     AC: 23    Str: 14    XL:     11   Next: 42%
MP:   20/20         EV:  2    Int: 12    God:    Lugonu [****..]
Gold: 1160          SH:  0    Dex: 18    Spells: 22/22 levels left

rFire    + . .     SeeInvis .   D - +5 hand axe
rCold    + + .     Faith    .   (no shield)
rNeg     . . .     Spirit   .   h - +0 gold dragon scales
rPois    +         Reflect  .   K - +0 helmet
rElec    .         Harm     .   u - +0 cloak
rCorr    .         Rampage  .   (no gloves)
Will     .....                  (no boots)
Stlth    ..........             (no amulet)
HPRegen  0.23/turn              e - +4 ring of protection
MPRegen  0.17/turn              t - +6 ring of dexterity

@: marked, drained
A: fangs 1, strong nose, distributed training, cold resistance 1, mutation
resistance 1, MP-powered wands
a: Renounce Religion, Depart the Abyss, Bend Space, Banish, Corrupt


You were on level 9 of the Dungeon.
You worshipped Lugonu.
Lugonu was greatly pleased with you.
You visited 1 branch of the dungeon, and saw 9 of its levels.
You visited the Abyss 1 time.

You collected 1784 gold pieces.
You spent 624 gold pieces at shops.

Inventory:

Hand Weapons
 C - a +3 war axe
 D - a +5 hand axe (weapon)
 I - a +4 scimitar of flaming
Missiles
 d - 8 javelins (quivered)
 F - 4 atropa-tipped darts
 H - 2 poisoned darts
 L - 3 curare-tipped darts
Armour
 h - +0 gold dragon scales (worn)
 u - a +0 cloak (worn)
 K - a +0 helmet (worn)
Jewellery
 e - a +4 ring of protection (left hand)
 t - a +6 ring of dexterity (right hand)
 x - a ring of protection from fire
 y - a ring of flight
 B - an amulet of reflection
Wands
 c - a wand of polymorph (17)
 f - a wand of digging (3)
 l - a wand of iceblast (24)
 s - a wand of paralysis (5)
Scrolls
 a - a scroll of amnesia
 g - 10 scrolls of teleportation
 n - 2 scrolls of torment
 v - a scroll of immolation
Potions
 i - a potion of cancellation
 j - a potion of mutation
 k - a potion of haste {unknown}
 m - a potion of flight {unknown}
 p - a potion of curing {unknown}
 q - 2 potions of magic {unknown}
 r - 2 potions of degeneration {unknown}
 w - a potion of might {unknown}
 z - a potion of lignification {unknown}
 A - a potion of berserk rage {unknown}
 E - a potion of ambrosia {unknown}
 G - a potion of attraction {unknown}


   Skills:
 + Level 9.2 Fighting
 + Level 6.3 Short Blades
 + Level 6.3 Long Blades
 + Level 7.9 Axes
 + Level 6.3 Maces & Flails
 + Level 6.3 Polearms
 + Level 6.3 Staves
 + Level 6.3 Slings
 + Level 6.3 Bows
 + Level 6.3 Crossbows
 + Level 6.3 Throwing
 + Level 7.9 Armour
 + Level 6.8 Dodging
 + Level 6.3 Stealth
 + Level 6.3 Shields
 + Level 6.3 Unarmed Combat
 + Level 6.3 Spellcasting
 + Level 5.2 Conjurations
 + Level 5.2 Hexes
 + Level 5.2 Summonings
 + Level 5.2 Necromancy
 + Level 5.2 Translocations
 + Level 5.2 Transmutations
 + Level 5.2 Fire Magic
 + Level 5.2 Ice Magic
 + Level 5.2 Air Magic
 + Level 5.2 Earth Magic
 + Level 5.2 Poison Magic
 + Level 8.4 Invocations
 + Level 6.3 Evocations


You had 22 spell levels left.
You didn't know any spells.
Your spell library contained the following spells:

 Spells                   Type           Power      Damage    Failure   Level
 Summon Small Mammal      Summ           64%        N/A       100%        1
 Call Imp                 Summ           16%        N/A       100%        2
 Call Canine Familiar     Summ           16%        N/A       100%        3
 Summon Guardian Golem    Hex/Summ       16%        N/A       100%        3
 Summon Ice Beast         Ice/Summ       16%        N/A       100%        4
 Summon Lightning Spire   Summ/Air       16%        N/A       100%        4


Dungeon Overview and Level Annotations

Branches:
Dungeon (9/15)             Temple (0/1) D:6
   Lair: D:8-11         Orc: D:9-12

Altars:
Kikubaaqudgha
Ru
Yredelemnul

Shops:
D:2 ?[!

Annotations:
D:9 Harold


Innate Abilities, Weirdness & Mutations

You have very sharp teeth.
Your uncanny sense of smell can sniff out nearby items.
Your experience applies equally to all skills.
Your flesh is cold resistant. (rC+)
You are somewhat resistant to further mutation.
You expend magic power (3 MP) to strengthen your wands.


Message History

Harold hits you with a +0 scimitar!
Unknown command.
You hit Harold.
Harold is moderately wounded.
Harold grumbles, "Just give up already, I want to go home!"
Harold barely misses you.
You barely miss Harold.
Harold is moderately wounded.
Harold hits you with a +0 scimitar.
Unknown command.
You hit Harold but do no damage. You bite Harold.
Harold is moderately wounded.
Harold hits you with a +0 scimitar.
You hit Harold but do no damage.
Harold is moderately wounded.
Harold hits you with a +0 scimitar.
Unknown command.
You hit Harold.
Harold is heavily wounded.
Harold hits you with a +0 scimitar!
Unknown command.
Your gold dragon scales prevents you from hitting Harold.
You bite Harold, but do no damage.
Harold is heavily wounded.
Harold hits you but does no damage.
You hit Harold but do no damage.
Harold is moderately wounded.
Unknown command.
You hit Harold.
Harold is heavily wounded.
Harold hits you with a +0 scimitar!
* * * LOW HITPOINT WARNING * * *
You hit Harold but do no damage.
Harold is heavily wounded.
Harold hits you but does no damage.
Unknown command.
Your gold dragon scales prevents you from hitting Harold.
Harold is heavily wounded.
Harold hits you with a +0 scimitar!
You die...

########## #........#
#........#
##........# #######
.'........#####.....#
...#
#....@@..'..##.....+
...#
#........##..'.....#
)..#
#........#####.....#
..(# #........#
##'#### ...
#........# #.# .#
####'##### #.#
####### #. #.##
......# #####. #..#
......# #.. ##.#


You could see Harold.

Vanquished Creatures
  Erica (D:8)
  Pikel (D:8)
  Maggie (D:6)
  Psyche (D:8)
  A wyvern (D:9)
  A wraith (D:9)
  11 yaks
  2 sky beasts (D:7)
  A water moccasin (D:6)
  2 black bears
  3 orc warriors
  4 necrophages
  An ogre (D:6)
  2 centaurs (D:9)
  3 lemures (D:8)
  Blork the orc (D:4)
  3 kobold brigands
  A gnoll sergeant (D:5)
  2 bullfrogs
  3 wyvern zombies
  2 water moccasin skeletons
  9 killer bees (D:9)
  13 wights
  A howler monkey (D:4)
  3 centaur zombies
  2 hounds
  A bullfrog skeleton (D:7)
  5 orc priests
  A centaur skeleton (D:6)
  Crazy Yiuf (D:3)
  A human zombie (D:8)
  An iguana (D:5)
  7 orc wizards
  3 killer bee zombies
  A hound zombie (D:5)
  A mummy (D:8)
  3 howler monkey zombies
  3 gnolls (D:5)
  A howler monkey skeleton (D:4)
  2 adders (D:4)
  A shadow imp (D:6)
  A white imp (D:7)
  3 ufetubi
  An adder skeleton (D:4)
  A worm (D:4)
  33 orcs
  3 ball pythons
  13 endoplasms
  2 giant cockroaches (D:2)
  3 goblins
  5 hobgoblins
  5 quokkas
  3 bats
  3 frilled lizards (D:1)
  17 kobolds
  2 rats
202 creatures vanquished.

Vanquished Creatures (others)
  32 plants
  5 toadstools (D:7)
37 creatures vanquished.

Grand Total: 239 creatures vanquished

Notes
Turn   | Place    | Note
-------+----------+-------------------------------------------
     0 | Abyss:1  | Gargoyl the Gnoll Abyssal Knight began the quest for the
                  | Orb.
     0 | Abyss:1  | Reached XP level 1. HP: 23/23 MP: 3/3
    29 | Abyss:2  | Found a corrupted altar of Lugonu.
   157 | Abyss:2  | Noticed a ynoxinul
   158 | D:1      | Escaped the Abyss
   601 | D:1      | Found a faded altar of an unknown god.
   615 | D:1      | Reached XP level 2. HP: 29/29 MP: 5/5
   829 | D:1      | You fall into a shaft and drop 1 floor!
   834 | D:2      | Reached * piety under Lugonu
   986 | D:2      | Found Gowkoixt's Distillery.
  1302 | D:1      | Reached XP level 3. HP: 35/35 MP: 6/6
  1601 | D:2      | Found an ancient bone altar of Kikubaaqudgha.
  1606 | D:2      | Found Nooxzof's Magic Scroll Shop.
  1624 | D:2      | Found Ahehiem's Antique Armour Boutique.
  1862 | D:3      | You fall into a shaft and drop 3 floors!
  1876 | D:5      | Entered Level 5 of the Dungeon
  2190 | D:3      | Identified a scroll of acquirement
  2190 | D:3      | Acquired 1037 gold pieces
  2285 | D:2      | Bought a scroll of acquirement for 624 gold pieces
  2286 | D:2      | Acquired the +2 broad axe of Fiasemm {holy, Drain rF+ Int+3
                  | Dex+2}
  2516 | D:3      | Noticed a necrophage
  2520 | D:3      | Killed a necrophage
  2521 | D:3      | Reached skill level 1 in Short Blades
  2521 | D:3      | Reached skill level 1 in Long Blades
  2521 | D:3      | Reached skill level 1 in Maces & Flails
  2521 | D:3      | Reached skill level 1 in Polearms
  2521 | D:3      | Reached skill level 1 in Staves
  2521 | D:3      | Reached skill level 1 in Slings
  2521 | D:3      | Reached skill level 1 in Bows
  2521 | D:3      | Reached skill level 1 in Crossbows
  2521 | D:3      | Reached skill level 1 in Throwing
  2521 | D:3      | Reached skill level 1 in Stealth
  2521 | D:3      | Reached skill level 1 in Shields
  2521 | D:3      | Reached skill level 1 in Unarmed Combat
  2521 | D:3      | Reached skill level 1 in Spellcasting
  2521 | D:3      | Reached skill level 1 in Conjurations
  2521 | D:3      | Reached skill level 1 in Hexes
  2521 | D:3      | Reached skill level 1 in Summonings
  2521 | D:3      | Reached skill level 1 in Necromancy
  2521 | D:3      | Reached skill level 1 in Translocations
  2521 | D:3      | Reached skill level 1 in Transmutations
  2521 | D:3      | Reached skill level 1 in Fire Magic
  2521 | D:3      | Reached skill level 1 in Ice Magic
  2521 | D:3      | Reached skill level 1 in Air Magic
  2521 | D:3      | Reached skill level 1 in Earth Magic
  2521 | D:3      | Reached skill level 1 in Poison Magic
  2521 | D:3      | Reached skill level 1 in Evocations
  2521 | D:3      | Reached XP level 4. HP: 41/41 MP: 7/7
  2521 | D:3      | Reached XP level 5. HP: 47/47 MP: 8/8
  2753 | D:3      | Found a runed translucent door.
  2754 | D:3      | Noticed Crazy Yiuf
  2835 | D:3      | Noticed a kobold brigand
  2848 | D:3      | Killed a kobold brigand
  2849 | D:3      | Reached skill level 5 in Invocations
  2849 | D:3      | Reached XP level 6. HP: 43/53 MP: 9/9
  2861 | D:3      | Reached skill level 5 in Axes
  2861 | D:3      | Reached skill level 5 in Armour
  3085 | D:3      | Reached ** piety under Lugonu
  3389 | D:3      | Killed Crazy Yiuf
  3711 | D:4      | Noticed Blork the orc
  3720 | D:4      | Killed Blork the orc
  3721 | D:4      | Reached skill level 7 in Fighting
  3721 | D:4      | Reached XP level 7. HP: 26/60 MP: 10/10
  4249 | D:4      | Found a sacrificial altar of Ru.
  5254 | D:5      | Reached XP level 8. HP: 25/67 MP: 12/12
  6149 | D:6      | Noticed Maggie
  6157 | D:6      | Paralysed by Maggie for 3 turns
  6158 | D:6      | Killed Maggie
  6606 | D:6      | Found a staircase to the Ecumenical Temple.
  6774 | D:6      | Reached *** piety under Lugonu
  6978 | D:6      | Reached XP level 9. HP: 66/72 MP: 14/14
  7962 | D:7      | Reached skill level 5 in Dodging
  8065 | D:7      | Noticed a four-headed hydra
  8068 | D:7      | Banished a four-headed hydra
  8069 | D:7      | Reached skill level 8 in Fighting
  8434 | D:8      | Noticed a troll
  8441 | D:8      | HP: 2/74 [troll (6)]
  8447 | D:8      | Banished a troll
  8448 | D:8      | Reached XP level 10. HP: 15/80 MP: 12/17
  8739 | D:8      | Noticed Pikel
  8755 | D:8      | Killed Pikel
  8756 | D:8      | Reached skill level 5 in Short Blades
  8756 | D:8      | Reached skill level 5 in Long Blades
  8756 | D:8      | Reached skill level 5 in Maces & Flails
  8756 | D:8      | Reached skill level 5 in Polearms
  8756 | D:8      | Reached skill level 5 in Staves
  8756 | D:8      | Reached skill level 5 in Slings
  8756 | D:8      | Reached skill level 5 in Bows
  8756 | D:8      | Reached skill level 5 in Crossbows
  8756 | D:8      | Reached skill level 5 in Throwing
  8756 | D:8      | Reached skill level 5 in Stealth
  8756 | D:8      | Reached skill level 5 in Shields
  8756 | D:8      | Reached skill level 5 in Unarmed Combat
  8756 | D:8      | Reached skill level 5 in Spellcasting
  8756 | D:8      | Reached skill level 5 in Evocations
  9392 | D:8      | Noticed Psyche
  9399 | D:8      | Killed Psyche
 10087 | D:8      | Found a basalt altar of Yredelemnul.
 10092 | D:8      | Reached **** piety under Lugonu
 10790 | D:8      | Noticed Erica
 10826 | D:8      | Killed Erica
 10827 | D:8      | Reached skill level 9 in Fighting
 10827 | D:8      | Reached XP level 11. HP: 55/89 MP: 18/20
 11212 | D:9      | Reached skill level 5 in Conjurations
 11212 | D:9      | Reached skill level 5 in Hexes
 11212 | D:9      | Reached skill level 5 in Summonings
 11212 | D:9      | Reached skill level 5 in Necromancy
 11212 | D:9      | Reached skill level 5 in Translocations
 11212 | D:9      | Reached skill level 5 in Transmutations
 11212 | D:9      | Reached skill level 5 in Fire Magic
 11212 | D:9      | Reached skill level 5 in Ice Magic
 11212 | D:9      | Reached skill level 5 in Air Magic
 11212 | D:9      | Reached skill level 5 in Earth Magic
 11212 | D:9      | Reached skill level 5 in Poison Magic
 11434 | D:9      | Gained mutation: You expend magic power (3 MP) to
                  | strengthen your wands. [potion of mutation]
 11434 | D:9      | Gained mutation: Your flesh is cold resistant. (rC+)
                  | [potion of mutation]
 11434 | D:9      | Gained mutation: You are somewhat resistant to further
                  | mutation. [potion of mutation]
 12440 | D:9      | Noticed an eight-headed hydra
 12452 | D:9      | Banished a seven-headed hydra
 12803 | D:9      | Noticed Harold
 12821 | D:9      | Slain by Harold

Illustrated notes

Levels and vault maps discovered:
D:1:      heliophobic_arrival_henge, layout_basic, basic_ecumenical_altar
D:2:      layout_rooms, basic_altar, serial_shops, shop, shop,
          nicolae_shop_trees, serial_bayou_lagoon_a
D:3:      cheibrodos_thug_alley, layout_loops_ring, grunt_ministairs_10,
          kennysheep_nub, guppyfry_early_lair_pool, uniq_crazy_yiuf_cottage
D:4:      layout_cave_pods, nicolae_ru_the_path_less_chosen, uniq_blork_the_orc
D:5:      layout_gridville
D:6:      wander_river, layout_gridville, minmay_temple_entry_gardened_gates,
          kennysheep_generic_room_8, uniq_maggie
D:7:      layout_cave_pools, minmay_gold_behind_fungi
D:8:      layout_basic, lemuel_mausoleum_altar_yredelemnul, skrybe_limestone_x,
          hex_intersection, uniq_psyche, uniq_pikel, uniq_erica
D:9:      layout_roguey, minmay_misc_feat_tiny, uniq_harold

Skill      XL: |  1  2  3  4  5  6  7  8  9 10 11 |
---------------+----------------------------------+-----
Short Blades   | 1 2 3 4 6 |  6.3
Long Blades    | 1 2 3 4 6 |  6.3
Maces & Flails | 1 2 3 4 6 |  6.3
Polearms       | 1 2 3 4 6 |  6.3
Staves         | 1 2 3 4 6 |  6.3
Slings         | 1 2 3 4 6 |  6.3
Bows           | 1 2 3 4 6 |  6.3
Crossbows      | 1 2 3 4 6 |  6.3
Throwing       | 1 2 3 4 6 |  6.3
Stealth        | 1 2 3 4 6 |  6.3
Shields        | 1 2 3 4 6 |  6.3
Unarmed Combat | 1 2 3 4 6 |  6.3
Spellcasting   | 1 2 3 4 6 |  6.3
Conjurations   | 1 2 3 4 5 |  5.2
Hexes          | 1 2 3 4 5 |  5.2
Summonings     | 1 2 3 4 5 |  5.2
Necromancy     | 1 2 3 4 5 |  5.2
Translocations | 1 2 3 4 5 |  5.2
Transmutations | 1 2 3 4 5 |  5.2
Fire Magic     | 1 2 3 4 5 |  5.2
Ice Magic      | 1 2 3 4 5 |  5.2
Air Magic      | 1 2 3 4 5 |  5.2
Earth Magic    | 1 2 3 4 5 |  5.2
Poison Magic   | 1 2 3 4 5 |  5.2
Evocations     | 1 2 3 4 6 |  6.3
Dodging        | 3 4 5 6 |  6.8
Invocations    | 5 6 7 8 |  8.4
Axes           | 5 6 7 |  7.9
Armour         | 5 6 7 |  7.9
Fighting       | 7 8 9 |  9.2

Action                   |  1- 3 |  4- 6 |  7- 9 | 10-12 || total
-------------------------+-------+-------+-------+-------++-------
Melee: Hand axe          |   113 |       |       |    16 ||   129
       Bite              |     9 |     7 |    23 |    54 ||    93
       Broad axe         |     8 |    78 |   217 |   310 ||   613
       Punch             |       |     2 |     3 |     8 ||    13
       Scimitar          |       |       |       |     3 ||     3
Throw: Dart              |       |       |     8 |    26 ||    34
       Javelin           |       |       |       |     9 ||     9
Invok: Depart the Abyss  |     1 |       |       |       ||     1
       Banish            |       |       |     2 |     2 ||     4
  Use: Scroll            |     7 |       |     3 |     3 ||    13
       Potion            |       |       |     1 |     3 ||     4
 Stab: Invisible         |       |     1 |       |       ||     1
Armor: Leather armour    |    15 |       |       |       ||    15
       Chain mail        |    29 |       |       |       ||    29
       Gold dragon scale |    64 |   112 |   297 |   472 ||   945
       Skin              |       |       |       |     4 ||     4
Dodge: Dodged            |    32 |     3 |    15 |    73 ||   123

Table legend: (Time is in decaauts)
 A = Elapsed time spent in this place.
 B = Non-inter-level travel time spent in this place.
 C = Inter-level travel time spent in this place.
 D = Time resting spent in this place.
 E = Time spent auto-exploring this place.
 F = Levels seen in this place.
 G = Mean time per level.
                   A        B        C        D        E       F      G
               +--------+--------+--------+--------+--------+-----+--------+
         Total |  13049 |  12687 |    362 |   1486 |   9187 |  11 | 1186.3 |
       Dungeon |  12892 |  12530 |    362 |   1486 |   9068 |   9 | 1432.4 |
         Abyss |    157 |    157 |      0 |      0 |    119 |   2 |   78.5 |
               +--------+--------+--------+--------+--------+-----+--------+

Top non-repeatable levels by time:
     D:8: 2728 daAuts
     D:9: 1651 daAuts
     D:5: 1591 daAuts
     D:3: 1576 daAuts
     D:6: 1335 daAuts
     D:7: 1266 daAuts
     D:4: 991 daAuts
     D:1: 957 daAuts
     D:2: 795 daAuts
 Abyss:2: 128 daAuts
 Abyss:1: 29 daAuts
